Map: Dusk Towers

Players

MorN

  • Race: Terran Terran
  • League: Master

JOOsh - Winner!

  • Race: Zerg Zerg
  • League: Master

VOD

Have the link to the VOD?

Description

Time

  • Played on: Nov. 21, 2015, 11:18 p.m.
  • Length: 18:40
Show
View Real Time Build Order
Export as new Build Order

MorN Terran 

Build Orders: Liberator Opening, Reaper Expand, MMM Bio 

Get SALT Encoding   

  12  0:00  SCV  
  13  0:12  SCV  
  14  0:17  Supply Depot  
  14  0:25  SCV  
  15  0:38  SCV  
  15  0:41  Barracks  
  16  0:44  Refinery  
  16  0:51  SCV  
  17  1:03  SCV  
  18  1:15  SCV  
  19  1:27  Orbital Command  
  19  1:28  Reaper  
  20  1:42  Command Center  
  20  1:52  Supply Depot  
  20  1:56  SCV  
  20  2:00  Reaper  
  22  2:28  Factory  
  22  2:31  SCV  
  23  2:38  Command Center  
  23  2:45  SCV  
  23  2:48  Barracks Reactor, Refinery  
  24  2:56  Orbital Command  
  24  3:11  SCV  
  25  3:26  Starport  
  23  3:28  SCV  
  23  3:29  SCV  
  23  3:32  Barracks Tech Lab  
  23  3:34  Hellion x2  
  29  3:40  SCV  
  30  3:41  SCV  
  31  3:50  Orbital Command, Liberator  
  31  3:53  SCV x2  
  35  3:56  Hellion  
  35  4:02  Marine  
  36  4:05  SCV  
  36  4:08  SCV  
  41  4:17  SCV  
  41  4:20  Marine  
  41  4:23  SCV  
  44  4:28  SCV  
  44  4:31  Hellion x2  
  45  4:55  SCV  
  44  5:02  SCV  
  45  5:12  SCV  
  46  5:14  Barracks Tech Lab, Starport Reactor  
  46  5:16  Hellion x2  
  46  5:20  Refinery x2  
  50  5:22  Barracks x2  
  50  5:23  Engineering Bay  
  50  5:24  SCV x2, Engineering Bay  
  50  5:27  SCV  
  53  5:36  SCV x2  
  51  5:44  Hellion x2  
  51  5:49  Stimpack, Marine  
  56  5:51  Terran Infantry Weapons Level 1, Terran Infantry Armor Level 1  
  56  5:52  Orbital Command  
  54  5:57  SCV  
  55  6:07  Marine  
  55  6:09  SCV  
  55  6:10  Starport Reactor  
  57  6:16  Barracks Reactor  
  57  6:25  Marine  
  58  6:27  Marine x2  
  58  6:29  SCV  
  58  6:31  Factory Reactor  
  61  6:33  Supply Depot  
  61  6:34  Supply Depot  
  61  6:37  Armory  
  61  6:54  SCV x3, Marine x4  
  61  6:55  Medivac x2  
  61  6:57  Supply Depot  
  61  6:58  Barracks x2  
  72  7:12  Marine x4  
  76  7:18  Widow Mine x2  
  76  7:19  Marine  
  81  7:30  Marine x2, Marauder  
  81  7:35  Supply Depot  
  85  7:38  Marine x2  
  85  7:43  Supply Depot  
  84  7:44  Supply Depot  
  84  7:45  Terran Infantry Weapons Level 2  
  84  7:46  Terran Infantry Armor Level 2  
  84  7:48  Supply Depot, Marine, Barracks Reactor x2  
  85  7:56  Marine x4  
  85  7:57  Medivac x2  
  85  7:58  Supply Depot  
  93  8:03  Refinery  
  93  8:04  Refinery  
  93  8:05  SCV x3, Combat Shields  
  96  8:11  Marine  
  97  8:17  SCV x3  
  97  8:18  Barracks  
  97  8:19  Barracks, Marine x2  
  102  8:21  Barracks  
  102  8:29  SCV  
  102  8:31  Command Center  
  102  8:32  Marine x2  
  102  8:33  Marauder  
  106  8:41  Marine x2  
  93  8:50  Marine x3  
  93  8:54  Marauder  
  95  8:56  Marine x2  
  95  9:02  Marine x2  
  95  9:04  Marine  
  95  9:08  Marine  
  97  9:12  Marine x2  
  97  9:13  Barracks Reactor, Barracks Tech Lab x2  
  97  9:15  Supply Depot, Medivac x2, Widow Mine, Terran Vehicle Weapons Level 1  
  97  9:16  Marauder, Widow Mine  
  107  9:17  Supply Depot  
  107  9:25  Marine x2  
  107  9:29  Supply Depot  
  109  9:37  Marauder  
  110  9:39  Supply Depot, Missile Turret  
  110  9:44  Widow Mine  
  110  9:45  Marine x3  
  105  9:46  Marauder x2, Marine  
  105  9:51  Medivac x2  
  117  9:59  Marauder  
  113  10:03  Marine  
  113  10:04  Liberator x2, Marine x2  
  113  10:08  Marauder  
  113  10:09  Marine x2  
  113  10:12  Marine x2  
  117  10:16  Marine x2  
  117  10:20  Planetary Fortress, Marauder  
  127  10:29  SCV  
  127  10:30  SCV  
  127  10:35  SCV  
  130  10:37  Marine  
  130  10:41  SCV, Marauder  
  134  10:43  Marine x2  
  134  10:46  SCV  
  134  10:47  SCV, Liberator  
  134  10:49  Missile Turret  
  138  10:52  Marine x2  
  140  11:02  Terran Infantry Weapons Level 3  
  140  11:04  Terran Infantry Armor Level 3  
  129  11:19  Marine  
  129  11:20  Marauder, Marine  
  129  11:24  Marine x2  
  129  11:25  Marauder  
  111  11:26  Marine  
  111  11:27  Marauder, Marine x3  
  111  11:28  Marine x2  
  111  11:29  Liberator  
  115  11:34  Medivac  
  115  11:38  Marine  
  115  11:39  Marine  
  119  11:40  SCV x4  
  119  11:42  Marine, Marauder  
  119  11:46  Marauder  
  131  11:47  Liberator  
  131  11:52  SCV x4  
  135  11:56  Widow Mine x2  
  135  11:58  Marauder, Marine x3  
  135  12:00  Marine  
  145  12:03  Marauder  
  145  12:08  Marauder  
  140  12:12  Liberator  
  140  12:13  Marine x2  
  134  12:18  Marine x3  
  134  12:20  Marauder  
  139  12:24  Marauder  
  139  12:25  Marine x2, Widow Mine x2  
  139  12:29  Marauder  
  152  12:30  Liberator  
  112  12:38  Marine  
  112  12:39  Marine x3  
  112  12:40  Marine x4  
  112  12:41  Marauder  
  112  12:44  Marine x2  
  121  12:46  Marauder  
  121  12:50  Marauder  
  129  12:55  Marine, Liberator  
  129  12:57  Marine x4  
  129  12:58  Marine x3  
  136  12:59  Orbital Command  
  136  13:01  Marine  
  136  13:02  Marine  
  136  13:03  Marauder  
  141  13:07  Marauder  
  141  13:12  Marauder  
  148  13:13  Marine  
  148  13:15  Marine x5  
  148  13:16  Marine  
  146  13:24  Marauder  
  145  13:28  Marauder  
  145  13:31  SCV x3  
  150  13:36  Missile Turret  
  150  13:38  Missile Turret  
  150  13:40  Missile Turret  
  150  13:42  Marine x3  
  150  13:43  Marine x2, Marauder  
  150  13:45  Marauder  
  150  13:46  Missile Turret  
  159  13:50  Marauder  
  154  14:03  Marine x2  
  154  14:04  Marauder  
  154  14:07  Marauder  
  154  14:08  Command Center  
  160  14:11  Marauder  
  152  14:18  Marine x6  
  152  14:19  Marine x2  
  152  14:21  Marine x2  
  152  14:23  Supply Depot  
  162  14:25  Marauder  
  162  14:28  Marauder  
  163  14:31  Widow Mine  
  163  14:33  Marauder  
  163  14:35  Marine  
  163  14:36  Marine x4  
  170  14:46  Marine x2  
  170  14:47  Marauder  
  170  14:49  Marauder, Marine x2  
  170  14:50  Marine  
  179  14:53  Marine  
  179  14:55  Marauder  
  153  15:00  Marine x4  
  153  15:04  Marine x2  
  153  15:07  Marine  
  149  15:08  Marauder  
  149  15:10  Marine x2  
  149  15:11  Marine, Marauder  
  127  15:16  Marauder, Medivac x2  
  127  15:18  Marine x3  
  136  15:22  Marine x2  
  136  15:24  Starport  
  138  15:30  Marauder  
  138  15:31  Marine x4  
  138  15:32  Marauder  
  136  15:37  Marauder  
  136  15:40  Ghost Academy  
  127  15:46  Marine x3  
  125  15:51  Marauder  
  125  15:52  Medivac, Marine  
  125  15:53  Marine x2, Medivac  
  125  15:54  Marauder  
  136  15:59  Marauder  
  138  16:12  Marauder  
  142  16:20  Marauder  
  142  16:25  Marine x3  
  146  16:27  Ghost  
  147  16:33  Ghost  
  147  16:38  Personal Cloaking  
  149  16:41  Ghost  
  151  16:55  Ghost  
  151  17:01  Ghost, Marine x4  
  151  17:02  Marine x3  
  155  17:08  Marine x2  
  155  17:09  Ghost, Marine  
  156  17:19  Marine  
  156  17:22  Planetary Fortress  
  157  17:24  Ghost  
  157  17:27  Marine x3  
  162  17:30  Ghost  
  164  17:37  Orbital Command  
  164  17:38  Ghost  
  164  17:41  Marine x3  
  135  17:52  Marine x2  
  135  17:53  Marauder, Marine  
  138  17:59  Marauder  
  140  18:07  Marauder  
  140  18:09  Marine x2  
  140  18:10  Medivac  
  144  18:13  Marine x6  
  144  18:15  Marauder  
Show
View Real Time Build Order
Export as new Build Order

JOOsh Zerg - Winner!

Build Orders: Hatch First, Muta Ling Bane 

Get SALT Encoding   

  12  0:01  Drone  
  13  0:12  Overlord  
  13  0:20  Drone  
  14  0:24  Extractor  
  14  0:25  Drone  
  15  0:31  Drone  
  16  0:40  Drone  
  17  0:54  Hatchery  
  16  1:01  Drone  
  16  1:02  Drone  
  18  1:19  Extractor, Spawning Pool  
  18  1:21  Drone x2  
  18  1:30  Drone  
  19  1:46  Drone  
  20  1:52  Hatchery  
  19  1:56  Overlord  
  19  2:10  Zergling x4  
  19  2:13  Queen  
  23  2:21  Metabolic Boost  
  22  2:34  Queen  
  23  2:53  Queen  
  23  2:55  Overlord  
  23  2:57  Drone x4  
  29  3:00  Drone  
  30  3:26  Queen  
  32  3:28  Zergling x4  
  32  3:29  Zergling x4  
  36  3:34  Zergling x4  
  36  3:36  Drone x4  
  36  3:37  Drone  
  43  3:43  Overlord  
  43  3:45  Overlord  
  43  3:53  Drone x3  
  46  4:06  Overlord  
  46  4:13  Drone  
  46  4:14  Drone x8  
  55  4:18  Extractor  
  55  4:20  Extractor  
  53  4:37  Drone  
  53  4:38  Drone x6  
  58  4:46  Roach Warren  
  55  4:55  Spore Crawler  
  55  4:56  Spore Crawler  
  55  4:57  Spore Crawler  
  49  5:02  Zergling x10  
  49  5:04  Drone x5  
  59  5:11  Overlord  
  59  5:16  Drone x7  
  59  5:17  Drone  
  67  5:33  Roach x3  
  67  5:34  Roach x2  
  73  5:55  Overlord x2  
  73  5:56  Overlord  
  73  5:58  Lair  
  73  6:00  Drone x3  
  73  6:01  Evolution Chamber  
  73  6:02  Drone x3  
  73  6:03  Evolution Chamber, Drone x3  
  80  6:14  Drone x2  
  80  6:18  Hatchery  
  81  6:21  Ravager x5, Extractor x2  
  81  6:25  Overlord x4  
  84  6:36  Zerg Ground Armor Level 1  
  84  6:49  Zerg Melee Weapons Level 1  
  83  6:54  Drone  
  83  6:55  Drone x2  
  83  6:56  Extractor  
  83  7:00  Drone x4  
  83  7:01  Drone x5  
  93  7:04  Zergling x2  
  93  7:05  Zergling x12  
  101  7:19  Drone  
  101  7:20  Spire  
  101  7:30  Roach  
  101  7:31  Roach, Zergling x6  
  101  7:32  Zergling x12  
  101  7:33  Zergling x6  
  116  7:51  Zergling x2  
  116  7:52  Zergling x10  
  116  7:54  Drone  
  116  7:55  Baneling Nest  
  122  8:01  Drone x3, Extractor  
  122  8:02  Drone, Extractor  
  122  8:04  Overseer  
  124  8:15  Zergling x2  
  124  8:16  Zergling x12  
  131  8:22  Drone  
  131  8:25  Hatchery, Overlord x2  
  131  8:26  Overlord  
  131  8:27  Pneumatized Carapace  
  131  8:38  Zergling x2  
  131  8:39  Zergling x18  
  135  8:42  Queen  
  135  8:43  Zergling x2  
  123  9:00  Zerg Ground Armor Level 2, Zerg Melee Weapons Level 2  
  122  9:13  Mutalisk x13  
  122  9:14  Mutalisk  
  150  9:17  Overlord x2  
  150  9:18  Overlord x3  
  150  9:20  Extractor  
  149  9:24  Overlord x2  
  149  9:25  Spore Crawler  
  147  9:53  Centrifical Hooks, Baneling x10  
  147  9:58  Drone x6  
  149  10:12  Zergling x2  
  149  10:13  Zergling x48  
  173  10:21  Spine Crawler  
  173  10:23  Overseer  
  173  10:25  Mutalisk x4  
  173  10:26  Mutalisk  
  182  10:32  Infestation Pit  
  182  10:33  Zerg Flyer Weapons Level 1  
  182  10:35  Baneling  
  181  10:36  Baneling x13  
  181  10:38  Burrow  
  181  10:42  Extractor x2  
  180  10:43  Spine Crawler  
  180  10:44  Drone x2  
  180  10:45  Drone x6, Spine Crawler  
  180  10:46  Drone, Spine Crawler  
  185  10:59  Baneling  
  185  11:00  Baneling x7  
  185  11:06  Overseer  
  174  11:30  Zergling x2  
  174  11:31  Zergling x44  
  174  11:32  Zergling x2  
  183  11:35  Hive  
  183  11:51  Hatchery  
  181  11:55  Hatchery  
  181  11:56  Baneling  
  181  11:57  Baneling x11  
  135  12:18  Mutalisk x16  
  135  12:19  Mutalisk  
  135  12:21  Zergling x6  
  135  12:22  Zergling x6  
  155  12:50  Zerg Ground Armor Level 3, Zerg Melee Weapons Level 3  
  155  12:51  Ultralisk Cavern  
  154  12:58  Zergling x2  
  154  12:59  Zergling x30  
  154  13:05  Adrenal Glands  
  170  13:09  Baneling x2  
  170  13:10  Baneling x6  
  168  13:27  Zerg Flyer Weapons Level 2  
  168  13:32  Baneling x4  
  168  13:37  Drone x3  
  171  13:43  Baneling  
  171  13:44  Zergling x2, Baneling x7  
  171  13:45  Zergling x24  
  160  14:07  Zergling x18  
  160  14:08  Zergling x16  
  177  14:16  Chitinous Plating  
  172  14:38  Ultralisk x4  
  195  14:54  Zergling x16  
  158  15:17  Drone x4  
  158  15:20  Spore Crawler  
  158  15:21  Spine Crawler x3  
  160  15:22  Spine Crawler  
  157  15:29  Baneling x8  
  157  15:30  Zergling x2  
  157  15:31  Zergling x40  
  157  15:32  Zergling x2  
  157  15:34  Overseer  
  178  15:35  Overseer  
  178  15:49  Ultralisk  
  172  16:00  Ultralisk x2  
  184  16:05  Drone x4  
  184  16:06  Drone  
  184  16:08  Pathogen Glands  
  188  16:22  Ultralisk x5  
  188  16:27  Overlord x3  
  188  16:28  Overlord  
  188  16:37  Ultralisk  
  194  16:42  Roach  
  194  16:44  Baneling x3  
  193  16:47  Baneling x9  
  190  17:03  Baneling  
  190  17:04  Baneling x18  
  186  17:12  Infestor  
  186  17:13  Infestor x7, Extractor x2  
  200  17:21  Greater Spire  
  191  17:31  Overseer  
  182  17:59  Zergling x2  
  182  18:00  Zergling x30  
  193  18:27  Hatchery  
Tags
 
Add a new tag
Caveats
  • Supply blocks, unpowered buildings, or Contaminate may cause inaccurate times.
  • Supply counts are checked every 10 seconds.